 Dungeon Crawl Stone Soup version 0.17-a0-1647-gb11a595 (webtiles) character file.

70 KINGKRU the Firebug (level 4, -4/35 HPs)
             Began as a Hill Orc Fire Elementalist on Aug 14, 2015.
             Was a Believer of Cheibriados.
             Killed by divine providence
             ... invoked by an orc priest
              (15 damage)
             ... on level 2 of the Dungeon.
             The game lasted 00:17:27 (3020 turns).

KINGKRU the Firebug (Hill Orc Fire Elementalist)    Turns: 3020, Time: 00:17:27

Health: -4/35      AC:  2    Str: 14    XL:     4   Next: 21%
Magic:  3/6        EV: 12    Int: 20    God:    Cheibriados [**....]
Gold:   96         SH:  0    Dex: 15    Spells: 1 memorised, 5 levels left

rFire  . . .     SeeInvis .     f - +0 mace
rCold  . . .     Clarity  .     a - +0 robe
rNeg   . . .     SustAt   .     (no shield)
rPois  .         Gourm    .     (no helmet)
rElec  .         Spirit   .     (no cloak)
rCorr  .         Warding  .     (no gloves)
rMut   .         Stasis   +     (no boots)
MR     .....                    e - amulet of stasis
Stlth  ++........               (no ring)
                                (no ring)

@: very slow, not resistant to hostile enchantments, unstealthy
A: no striking features
a: Bend Time, Renounce Religion, Convert to Beogh


You were on level 2 of the Dungeon.
You worshipped Cheibriados.
Cheibriados was pleased with you.
You were not hungry.

You visited 1 branch of the dungeon, and saw 3 of its levels.

You collected 96 gold pieces.

Inventory:

Hand weapons
 f - a +0 mace (weapon)
Missiles
 k - 21 poisoned needles (quivered)
Armour
 a - a +0 robe (worn)
Jewellery
 e - an amulet of stasis (around neck)
Scrolls
 g - a scroll of noise {unknown}
 i - 2 scrolls of identify
Potions
 j - a potion of flight {unknown}
Books
 b - a book of Flames

   Spells                             Type                      Level
   a - Flame Tongue                   Conjuration/Fire             1
   b - Throw Flame                    Conjuration/Fire             2
   c - Conjure Flame                  Conjuration/Fire             3
   d - Inner Flame                    Hexes/Fire                   3
   e - Sticky Flame                   Conjuration/Fire             4
   f - Fireball                       Conjuration/Fire             5
Comestibles
 d - a meat ration
 h - a slice of pizza


   Skills:
 + Level 1.4 Fighting
 + Level 0.7 Maces & Flails
 + Level 2.1 Dodging
 + Level 1.9 Stealth
 + Level 1.9 Spellcasting
 + Level 1.2 Conjurations
 + Level 3.9 Fire Magic


You had 5 spell levels left.
You knew the following spells:

 Your Spells              Type           Power        Failure   Level  Hunger
a - Flame Tongue          Conj/Fire      ##...        6%          1    #......


Dungeon Overview and Level Annotations

Branches:
Dungeon (3/15)

Altars:
Cheibriados
Yredelemnul


Message History

The orc hits you with a dagger. x2
Casting: Flame Tongue
Confirm with . or Enter, or press ? or * to list all spells.
Aiming: Flame Tongue
Press: ? - help, Shift-Dir - straight line, f - orc
Aim: an orc, wielding a club and wearing a chain mail The flame tongue hits the orc.
You kill the orc!
Cheibriados thoroughly appreciates the change of pace.
Cheibriados raises the support of your attributes as your movement slows.
The orc hits you with a dagger.
* * * LOW HITPOINT WARNING * * *
Use which ability? (? or * to list)
You don't have enough magic at the moment.
Read which item? (? for menu, Esc to quit)
As you read the scroll labeled GOV BIANUWE, it crumbles to dust.
You feel a strange sense of stasis.
It was a scroll of teleportation.
The orc priest mumbles some strange prayers to Beogh against you.
Something smites you!
You die...

#.# ####### #.# #..,..#
#.# #.#*#.# ##########
#.######.# #(#
#..ยงยง....#
.).......###.# #.######.#
...#......##.# #.# #.#
#.###.###.##.####.####
#.# .##
##.........o.....# #.#
#.#*#.###....>.o@....#
#)# **.#,**
#########.#..# #.# *,.#*
#.#..# #.# *,*# #.#..#
#.# *,* #.#..# #.#
*,*************#.#..###.#
*,,,,,,,,,,,,,*#.....)..#
*************,*###..#####
*,* #...<..#


You could see an orc priest and an orc.

Vanquished Creatures
  An adder (D:2)
  3 orcs
  6 giant cockroaches
  8 goblins
  6 hobgoblins
  4 jackals (D:1)
  5 bats
  2 giant geckos (D:1)
  7 kobolds
  8 rats
50 creatures vanquished.

Notes
Turn   | Place    | Note
--------------------------------------------------------------
     0 | D:1      | KINGKRU the Hill Orc Fire Elementalist began the quest for the Orb.
     0 | D:1      | Reached XP level 1. HP: 14/14 MP: 3/3
   405 | D:1      | Reached XP level 2. HP: 15/20 MP: 0/4
  1323 | D:1      | Reached XP level 3. HP: 22/26 MP: 0/5
  2188 | D:2      | Found a faded altar to an unknown god.
  2197 | D:2      | Became a worshipper of Cheibriados the Contemplative
  2197 | D:2      | Acquired Cheibriados's first power
  2626 | D:2      | Reached skill level 1 in Fighting
  2666 | D:2      | Found a basalt altar of Yredelemnul.
  2713 | D:2      | Reached XP level 4. HP: 35/35 MP: 3/6
  3020 | D:2      | Killed from afar by an orc priest

Vault maps used:
D:1:      mrwooster_arrival_statue_2, kennysheep_minor_cross
D:2:      lemuel_doored_altar, ecumenical_altar_2
D:3:      lemuel_castle_with_subvaults, amethyst_overflow_temple_binary,
          grunt_gozag_breadcrumbs, solitary_fountain

Action                   |  1- 3 |  4- 6 || total
-------------------------+-------+-------++-------
Melee: Unarmed           |     2 |       ||     2
       Mace              |    57 |       ||    57
 Cast: Flame Tongue      |    46 |    11 ||    57
  Use: Scroll            |     3 |     1 ||     4
  Eat: Bread ration      |     2 |       ||     2
